 Dungeon Crawl Stone Soup version 0.27.0-1-g7a089689b8 (webtiles) character file.

Game seed: 12497794143322590360

21 MajorAdolf the Sneak (level 2, -7/28 HPs)
             Began as a Naga Wanderer on Aug 9, 2021.
             Mangled by a gnoll (10 damage)
             ... on level 1 of the Dungeon.
             The game lasted 00:01:47 (1061 turns).

MajorAdolf the Sneak (Naga Wanderer)                Turns: 1061, Time: 00:01:47

Health: -7/28      AC:  1    Str: 16    XL:     2   Next: 87%
Magic:  2/2        EV:  9    Int: 11    God:
Gold:   45         SH:  0    Dex:  9    Spells: 1/1 levels left

rFire    . . .     SeeInvis +   a - +2 dagger
rCold    . . .     Faith    .   (no shield)
rNeg     . . .     Spirit   .   e - +0 robe
rPois    +         Reflect  .   (no helmet)
rElec    .         Harm     .   (no cloak)
rCorr    .         Rampage  .   (no gloves)
Will     .....                  (no barding)
Stlth    ++........             (no amulet)
HPRegen  0.09/turn              (no ring)
MPRegen  0.08/turn              (no ring)

@: short of breath, very slow
A: AC +0, large, see invisible, deformed body, poison resistance, slowness 2,
spit poison 1, naga tail 1
a: Spit Poison


You were on level 1 of the Dungeon.
You visited 1 branch of the dungeon, and saw 1 of its levels.

You collected 45 gold pieces.

Inventory:

Hand Weapons
 a - a +2 dagger (weapon)
 d - a +0 spear
Armour
 e - a +0 robe (worn)
 f - a +0 pair of gloves
Scrolls
 g - a scroll of fog {unknown}
Potions
 b - a potion of haste
 c - a potion of lignification


   Skills:
 - Level 3.0 Fighting
 - Level 2.0 Maces & Flails
 - Level 2.0 Polearms
 - Level 1.0 Dodging
 + Level 4.4 Stealth
 - Level 1.0 Shields


You had one spell level left.
You didn't know any spells.
Your spell library was empty.

Dungeon Overview and Level Annotations

Branches:
Dungeon (1/15)

Altars:


Innate Abilities, Weirdness & Mutations

Your serpentine skin is tough. (AC +0)
You have supernaturally acute eyesight. (SInv)
Armour fits poorly on your strangely shaped body.
Your system is resistant to poisons. (rPois)
You cover ground very slowly.
You can spit poison.
You have a snake-like lower body.


Message History

You kill the rat!
No target in view!
A gnoll comes into view. It is wielding a +0 spear.
You have got your breath back.
A gnoll is nearby!
A gnoll is nearby!
You start waiting.
Done waiting.
Found a scale mail.
A gnoll is nearby!
The splash of poison hits the gnoll but does no damage.
The gnoll is poisoned.
A gnoll is nearby!
You have got your breath back.
The gnoll looks more healthy.
The splash of poison misses the gnoll.
The gnoll hits you from afar with a +0 spear.
The gnoll hits you from afar with a +0 spear.
You have got your breath back.
The splash of poison misses the gnoll.
The gnoll hits you from afar with a +0 spear!
Unknown command.
The gnoll hits you with a +0 spear!
* * * LOW HITPOINT WARNING * * *
The gnoll closely misses you.
You closely miss the gnoll.
The gnoll is moderately wounded.
The gnoll closely misses you.
You hit the gnoll.
The gnoll is heavily wounded.
You have got your breath back.
The gnoll closely misses you.
You hit the gnoll.
The gnoll is almost dead.
The gnoll misses you.
You are too injured to fight recklessly!
Press: ? - help, Shift-Dir - straight line, f/p - gnoll
Aim: a gnoll, wielding a +0 spear (almost dead)
The splash of poison misses the gnoll.
The gnoll hits you with a +0 spear!
You die...

#.............###
#............##
#............#
#..........#.#
##....##..##.#
#######.......###.##
#........######
#..### #....g...#
##..## #....@...#
##.#. #......[.#
####... ##########
#...... #....##...
#### ##.. ###


You could see a gnoll.

Vanquished Creatures
  A bat (D:1)
  3 endoplasms (D:1)
  8 giant cockroaches (D:1)
  A goblin (D:1)
  A hobgoblin (D:1)
  A ball python (D:1)
  A kobold (D:1)
  A rat (D:1)
17 creatures vanquished.

Notes
Turn   | Place    | Note
-------+----------+-------------------------------------------
     0 | D:1      | MajorAdolf the Naga Wanderer began the quest for the Orb.
     0 | D:1      | MajorAdolf set off with the following items: a +2 dagger, a
                  | potion of haste, a potion of lignification, a +0 spear, a
                  | +0 robe
     0 | D:1      | Reached XP level 1. HP: 21/21 MP: 1/1
    26 | D:1      | Reached skill level 2 in Stealth
   390 | D:1      | Reached skill level 3 in Stealth
   390 | D:1      | Reached XP level 2. HP: 27/28 MP: 2/2
   572 | D:1      | Reached skill level 4 in Stealth
  1061 | D:1      | Mangled by a gnoll

Illustrated notes

Levels and vault maps discovered:
D:1:      psy_arrival_whirlpool, layout_rooms

Skill      XL: |  1  2 |
---------------+-------+-----
Stealth        | 3 4 |  4.4
Fighting       | |  3.0
Maces & Flails | |  2.0
Polearms       | |  2.0
Dodging        | |  1.0
Shields        | |  1.0

Action                   || total
-------------------------++-------
Melee: Dagger            ||    49
 Abil: Spit Poison       ||    17
Armor: Robe              ||     6
Dodge: Dodged            ||    20
